 Dungeon Crawl Stone Soup version 0.31.0-11-ge490571c62 (webtiles) character file.

Game seed: 7552246408918964354

9 Arcadio the Sneak (level 2, -1/24 HPs)
             Began as a Human Delver on Jan 29, 2024.
             Was an Initiate of the Shining One.
             Slain by a gnoll
             ... wielding a +2 halberd of holy wrath
              (11 damage)
             ... on level 5 of the Dungeon.
             The game lasted 00:01:09 (331 turns).

Arcadio the Sneak (Human Delver)                     Turns: 331, Time: 00:01:10

Health: -1/24      AC:  5    Str: 12    XL:     2   Next: 12%
Magic:  2/2        EV: 11    Int: 10    God:    the Shining One [......]
Gold:   24         SH:  0    Dex: 14    Spells: 1/1 levels left

rFire   . . .        i - +0 rapier
rCold   . . .        (no shield)
rNeg    . . .        k - +0 ring mail
rPois   .            (no helmet)
rElec   .            (no cloak)
rCorr   .            (no gloves)
SInv    .            (no boots)
Will    .....        (no amulet)
Stlth   +            (no ring)
HPRegen 0.24/turn    (no ring)
MPRegen 0.08/turn

%: no passive effects
@: glowing
A: explore regen
a: Renounce Religion


You were on level 5 of the Dungeon.
You worshipped the Shining One.
The Shining One was noncommittal.
You visited 1 branch of the dungeon, and saw 1 of its levels.

You collected 24 gold pieces.

Inventory:

Hand Weapons
 a - a +0 falchion
 i - a +0 rapier (weapon)
Armour
 b - a +0 leather armour
 k - a +0 ring mail (worn)
Wands
 g - a wand of digging (3)
Scrolls
 c - a scroll of fog
 d - a scroll of revelation
 e - a scroll of fear
 j - a scroll of teleportation {unknown}
Potions
 f - a potion of haste
 h - a potion of curing {unknown}


   Skills:
 + Level 3.2 Fighting
 - Level 2.2 Long Blades
 + Level 2.2 Dodging
 - Level 5.0 Stealth


You had one spell level left.
You didn't know any spells.
Your spell library was empty.

Dungeon Overview and Level Annotations

Branches:
Dungeon (5/15)
 Temple: D:4-7

Altars:
Trog
Xom
The Shining One


Innate Abilities, Weirdness & Mutations

You regain HP and MP as you explore.


Message History

You open the door. You open the door. You open the door.
There is an open door here.
You now have 15 gold pieces.
You see here a +0 ring mail.
k - a +0 ring mail You start removing your armour.
You continue taking off your +0 leather armour. x4
You finish taking off your +0 leather armour.
You start putting on your armour.
You continue putting on your +0 ring mail. x5
You finish putting on your +0 ring mail.
You open the door. You open the door. You open the door. You open the door.
You open the door.
There is an open door here.
You open the door.
There is an open door here.
You now have 24 gold pieces (gained 9).
There is an open door here.
There is an open door here.
A gnoll comes into view.
It is wielding a +2 halberd of holy wrath.
The gnoll shouts!
A gnoll comes into view.
It is wielding a +0 halberd and quivering a throwing net.
There is an open door here.
There is a stone staircase leading down here.
You open the door. The gnoll attacks as it pursues you!
The gnoll hits you from afar with a +2 halberd of holy wrath!
Ouch! That really hurt!
There is an open door here.
The gnoll attacks as it pursues you!
The gnoll hits you from afar with a +2 halberd of holy wrath.
The gnoll attacks as it pursues you! The gnoll completely misses you.
The gnoll attacks as it pursues you!
The gnoll hits you from afar with a +2 halberd of holy wrath!
You die...

######+#.≈.(..§§.≈.......##
.........≈≈§≈≈≈≈≈≈........#
........§.................#
........§....'....#.......#
.............#....#.......#
.............#....#.......#
#########'####....#.......#
........g#......#.......#
.........#...@..#.......#
.........#......#.......#
.........#...g..#.......#
########..#####'###.......#####
##....###.g###.................o
.......#.....#>...............!.
.......'.....'..................
...###.#.....#..................
#####'.##...#######'#####.......


You could see a gnoll.

Vanquished Creatures
  An adder (D:5)
1 creature vanquished.

Notes
Turn   | Place    | Note
-------+----------+-------------------------------------------
     0 | D:5      | Arcadio the Human Delver began the quest for the Orb.
     0 | D:5      | Reached XP level 1. HP: 18/18 MP: 1/1
    31 | D:5      | Reached XP level 2. HP: 16/24 MP: 2/2
   117 | D:5      | Found a glowing golden altar of the Shining One.
   118 | D:5      | Found a bloodstained altar of Trog.
   125 | D:5      | Became a worshipper of the Shining One
   331 | D:5      | Slain by a gnoll

Illustrated notes

Levels and vault maps discovered:
D:5:      layout_gridville, mainiacjoe_overflow_brackets,
          amethyst_overflow_temple_binary, serial_shops,
          nicolae_shop_window_shopping, serial_library_hellmonk_filled_rooms,
          uniq_sigmund

Action                     || total
---------------------------++-------
  Melee: Falchion          ||     6
 Armour: Leather armour    ||     3
         Ring mail         ||     3
  Dodge: Dodged            ||     8
